Map: Ulrena

Players

lite - Winner!

  • Race: Protoss Protoss
  • Spawn Location: 7:00

zidar

  • Race: Zerg Zerg
  • League: Gold
  • Spawn Location: 11:00

VOD

Have the link to the VOD?

Description

Time

  • Played on: May 20, 2016, 2:08 p.m.
  • Length: 10:27
Show
View Real Time Build Order
Export as new Build Order

lite Protoss - Winner!

Build Orders: 1 Gate Expand 

Get SALT Encoding   

  12  0:01  Probe (Chrono Boost)  
  13  0:11  Probe (Chrono Boost)  
  14  0:24  Probe (Chrono Boost), Pylon  
  15  0:42  Probe (Chrono Boost)  
  16  0:48  Gateway  
  16  0:52  Probe (Chrono Boost)  
  17  0:57  Assimilator  
  17  1:03  Probe (Chrono Boost)  
  18  1:14  Probe (Chrono Boost)  
  19  1:27  Nexus  
  19  1:34  Zealot  
  19  1:38  Probe (Chrono Boost)  
  22  1:47  Assimilator  
  22  1:48  Probe (Chrono Boost)  
  23  2:11  Pylon  
  23  2:12  Pylon  
  23  2:29  Zealot  
  26  2:30  Probe (Chrono Boost), Forge  
  26  2:38  Cybernetics Core  
  26  2:40  Probe (Chrono Boost)  
  26  2:41  Probe (Chrono Boost)  
  28  2:50  Assimilator  
  28  2:51  Probe (Chrono Boost)  
  29  2:57  Zealot  
  31  3:05  Warp Gate (Chrono Boost)  
  31  3:07  Probe (Chrono Boost)  
  31  3:09  Gateway  
  31  3:11  Probe (Chrono Boost)  
  33  3:23  Gateway  
  33  3:24  Probe  
  33  3:27  Probe  
  35  3:34  Stalker  
  35  3:39  Probe  
  38  3:42  Probe  
  38  3:48  Protoss Ground Weapons Level 1 (Chrono Boost)  
  39  3:51  Probe  
  39  3:54  Probe  
  41  4:11  Stalker x3  
  47  4:28  Photon Cannon  
  47  4:32  Pylon  
  47  4:33  Probe  
  47  4:34  Probe  
  47  4:35  Photon Cannon  
  47  4:37  Assimilator  
  49  4:47  Probe  
  49  4:50  Probe  
  51  4:58  Robotics Facility  
  51  5:00  Pylon  
  51  5:07  Robotics Facility  
  51  5:10  Pylon  
  51  5:17  Twilight Council  
  51  5:19  Probe x2  
  51  5:20  Pylon  
  53  5:27  Adept x2  
  57  5:29  Protoss Ground Armor Level 1 (Chrono Boost)  
  57  5:31  Zealot  
  59  5:46  Stargate x2  
  59  5:53  Zealot x3  
  63  6:09  Immortal (Chrono Boost)  
  65  6:15  Probe  
  65  6:16  Probe  
  67  6:28  Probe x2, Immortal (Chrono Boost)  
  67  6:32  Phoenix x2  
  77  6:40  Probe x2  
  77  6:45  Adept x3  
  85  7:06  Pylon x2  
  85  7:08  Pylon  
  85  7:25  Immortal (Chrono Boost)  
  85  7:26  Phoenix x2  
  93  7:33  Nexus  
  93  7:43  Pylon  
  93  7:44  Pylon  
  93  7:49  Pylon  
  89  8:30  Immortal x2 (Chrono Boost)  
  89  8:32  Phoenix  
  89  8:33  Phoenix  
  101  8:35  Zealot x3  
  107  8:42  Assimilator  
  107  8:43  Assimilator  
  107  8:45  Probe  
  107  8:46  Probe x2  
  108  8:57  Phoenix  
  110  9:04  Immortal x2 (Chrono Boost)  
  116  9:24  Stalker x3  
  120  9:26  Phoenix  
  120  9:27  Phoenix  
  120  9:28  Probe  
  120  9:29  Probe  
  120  9:30  Probe  
  129  9:41  Probe  
  138  10:03  Stalker x3  
Show
View Real Time Build Order
Export as new Build Order

zidar Zerg 

Build Orders: 3 Hatch before Pool 

Get SALT Encoding   

  12  0:02  Drone  
  13  0:12  Overlord  
  13  0:17  Drone  
  14  0:31  Drone x2  
  14  0:34  Drone  
  17  0:56  Hatchery  
  16  1:02  Hatchery  
  16  1:04  Drone  
  17  1:08  Drone  
  17  1:09  Extractor  
  17  1:28  Spawning Pool  
  15  1:54  Drone  
  15  2:00  Hatchery  
  15  2:05  Drone x2  
  15  2:08  Drone  
  18  2:20  Queen  
  20  2:32  Drone x2  
  20  2:33  Drone  
  23  2:47  Roach Warren  
  23  2:50  Extractor  
  21  2:55  Queen  
  23  3:02  Metabolic Boost  
  23  3:05  Drone  
  23  3:08  Drone  
  25  3:34  Drone x7  
  32  3:45  Queen  
  34  4:01  Overlord x2  
  34  4:26  Zergling x16  
  42  4:38  Overlord x2  
  42  4:39  Overlord  
  42  4:45  Lair  
  42  4:48  Pneumatized Carapace  
  42  5:03  Roach x2  
  42  5:04  Roach x3  
  52  5:10  Drone x4  
  52  5:12  Drone  
  57  5:25  Evolution Chamber x2  
  55  5:40  Roach x5  
  65  5:43  Overlord  
  56  6:08  Zergling x2  
  56  6:09  Zergling x24  
  60  6:21  Spine Crawler  
  60  6:22  Spine Crawler  
  58  6:35  Zerg Missile Weapons Level 1  
  58  6:36  Zerg Ground Armor Level 1  
  58  6:40  Spire  
  58  6:42  Drone x2  
  58  6:45  Drone  
  60  6:47  Drone  
  63  7:00  Drone x8  
  71  7:15  Drone x3  
  71  7:17  Overlord x2, Infestation Pit  
  71  7:21  Drone  
  71  7:22  Overseer  
  74  7:23  Overseer  
  74  7:28  Extractor  
  73  7:31  Extractor  
  73  7:33  Drone  
  64  7:53  Roach x12  
  50  8:28  Zergling x2  
  50  8:29  Zergling x6  
  46  8:34  Zergling x14  
  51  8:46  Spine Crawler  
  51  8:47  Spine Crawler  
  45  8:50  Spine Crawler  
  43  8:57  Zergling x8  
  30  9:21  Hatchery  
  29  9:29  Mutalisk x3  
  35  9:50  Hatchery  
Tags
 
Add a new tag
Caveats
  • Supply blocks, unpowered buildings, or Contaminate may cause inaccurate times.
  • Supply counts are checked every 10 seconds.